Map: Bel'Shir Vestige LE (Void)

Players

Osath - Winner!

  • Race: Terran Terran
  • League: Master
  • Spawn Location: 11:00

RuckiZucki

  • Race: Zerg Zerg
  • League: Platinum
  • Spawn Location: 5:00

VOD

Have the link to the VOD?

Description

Time

  • Played on: March 20, 2017, 2:01 p.m.
  • Length: 12:01
Show
View Real Time Build Order
Export as new Build Order

Osath Terran - Winner!

Build Orders: MMM Bio 

Get SALT Encoding   

  12  0:00  SCV  
  13  0:13  SCV  
  14  0:18  Supply Depot  
  14  0:25  SCV  
  15  0:36  Refinery  
  15  0:41  Barracks  
  15  0:44  SCV  
  16  0:56  SCV  
  17  1:08  SCV  
  18  1:20  SCV  
  19  1:28  Reaper  
  19  1:32  SCV  
  21  1:37  Command Center  
  21  1:44  Orbital Command  
  21  1:53  Supply Depot  
  21  2:01  Reaper  
  22  2:10  SCV  
  23  2:22  SCV  
  24  2:24  Bunker  
  24  2:34  SCV, Factory  
  25  2:42  Barracks Reactor  
  25  2:46  SCV  
  26  2:54  Orbital Command  
  27  2:58  SCV  
  27  3:07  Refinery  
  27  3:09  Command Center  
  27  3:10  SCV  
  28  3:22  SCV  
  29  3:28  SCV  
  29  3:31  Barracks Tech Lab  
  29  3:33  Hellion x2  
  34  3:34  SCV  
  34  3:40  Engineering Bay x2  
  35  3:43  SCV  
  36  3:51  Stimpack, Supply Depot  
  36  3:52  Marine  
  36  3:55  SCV  
  38  3:56  SCV  
  38  4:02  Starport  
  39  4:09  Marine, SCV  
  40  4:10  Hellion x2  
  40  4:12  SCV  
  46  4:18  Refinery  
  46  4:20  Supply Depot  
  46  4:21  SCV  
  48  4:25  Orbital Command  
  48  4:31  SCV  
  48  4:34  Refinery  
  48  4:35  Hellion x2  
  52  4:40  SCV  
  52  4:44  Barracks  
  53  4:46  Terran Infantry Weapons Level 1  
  53  4:49  SCV  
  53  4:50  Terran Infantry Armor Level 1  
  54  5:07  SCV  
  54  5:09  Marine  
  54  5:11  SCV  
  54  5:12  Barracks  
  57  5:15  Factory Reactor  
  57  5:16  Supply Depot, SCV  
  57  5:17  Supply Depot  
  58  5:21  SCV  
  58  5:23  SCV  
  58  5:24  Medivac x2  
  64  5:34  Marauder  
  64  5:35  Barracks Tech Lab  
  66  5:38  Barracks  
  66  5:40  SCV x2  
  66  5:41  SCV  
  69  5:47  Armory  
  69  5:48  Supply Depot  
  69  5:49  Supply Depot  
  69  5:52  Barracks  
  69  5:54  Medivac  
  71  5:58  Factory Tech Lab  
  71  6:00  Barracks  
  71  6:05  SCV x2  
  71  6:06  SCV  
  71  6:11  Combat Shields  
  74  6:15  Marine  
  74  6:18  Barracks Reactor, Supply Depot  
  75  6:20  Supply Depot, SCV  
  76  6:32  SCV x3  
  79  6:33  Marine  
  79  6:36  Barracks Reactor  
  80  6:40  Barracks  
  80  6:41  Barracks Reactor  
  80  6:43  Terran Vehicle Weapons Level 1, Terran Infantry Weapons Level 2  
  80  6:44  Barracks, SCV  
  81  6:57  Marine  
  81  6:59  Marine x3, Marauder x2, Concussive Shells  
  85  7:09  SCV  
  85  7:14  Widow Mine  
  88  7:16  Drilling Claws  
  88  7:21  Marauder  
  88  7:22  SCV x2  
  92  7:31  Marine x3  
  92  7:32  Marine, Marauder  
  92  7:34  Barracks Reactor, SCV x2  
  92  7:35  Barracks Reactor  
  100  7:42  Marauder  
  100  7:43  Widow Mine  
  104  7:46  SCV x2  
  106  7:51  Orbital Command  
  106  7:53  Marauder  
  106  7:54  Supply Depot, Terran Infantry Armor Level 2  
  106  7:55  Marine, Supply Depot  
  106  7:56  Marine x2, Supply Depot  
  106  7:58  Marine, SCV x2  
  113  8:01  Medivac  
  113  8:02  Medivac  
  113  8:03  Marauder  
  120  8:10  SCV x2  
  122  8:14  Marauder  
  124  8:30  Marine x2  
  124  8:31  Marine x11  
  137  8:35  Marine  
  138  8:48  Marine x7, SCV x2  
  141  8:49  Marine x2  
  141  8:55  Supply Depot  
  149  8:57  Marine x5, Supply Depot  
  149  8:58  Supply Depot  
  154  9:06  Marine x9  
  162  9:15  Marine, Marauder  
  167  9:17  Marauder  
  167  9:20  Marine x2  
  167  9:23  Marine  
  170  9:24  Marine x8  
  170  9:31  Widow Mine  
  178  9:33  Marine  
  178  9:37  Marauder  
  178  9:38  Marine x3  
  185  9:41  Marine  
  185  9:42  Marine x3  
  185  9:45  Marine, Supply Depot  
  189  9:46  Supply Depot  
  189  9:47  Supply Depot  
  189  9:48  Marine  
  189  9:49  Command Center  
  189  9:51  SCV  
  188  9:56  Marauder  
  188  9:58  Marauder  
  187  10:00  Marine x2  
  187  10:07  Marine x3, Medivac  
  194  10:18  Marauder  
  194  10:20  Marauder  
  182  10:33  Marine  
  182  10:34  Marine x11  
  172  10:39  Marauder  
  172  10:40  Marine  
  169  10:48  Barracks  
  169  10:49  Barracks  
  169  10:51  Marine x4  
  169  10:52  Marine x4, Medivac x2  
  181  10:59  Marauder  
  181  11:00  Marauder  
  183  11:09  SCV  
  183  11:10  Marine x2, Planetary Fortress  
  180  11:16  Marine x3  
  180  11:17  Marine x5  
  180  11:18  Marine  
  182  11:20  Marauder  
  182  11:22  Marauder  
  182  11:25  Marine  
  183  11:28  Marine x2  
  183  11:32  Barracks  
  185  11:39  Marine  
  185  11:44  Barracks Reactor  
  190  11:49  Barracks Reactor  
  190  11:54  Command Center  
Show
View Real Time Build Order
Export as new Build Order

RuckiZucki Zerg 

Build Orders: Hatch First 

Get SALT Encoding   

  12  0:01  Drone  
  13  0:12  Overlord  
  13  0:17  Drone  
  14  0:30  Drone  
  14  0:34  Drone  
  17  0:35  Drone  
  17  0:45  Drone  
  18  0:58  Hatchery  
  18  1:01  Drone, Extractor  
  18  1:11  Drone  
  18  1:17  Spawning Pool  
  17  1:24  Drone  
  18  1:28  Drone  
  19  1:40  Overlord  
  19  1:49  Drone  
  20  2:00  Drone  
  21  2:04  Metabolic Boost  
  21  2:06  Queen  
  23  2:09  Queen  
  23  2:11  Zergling x2  
  23  2:13  Zergling x2  
  27  2:27  Spore Crawler  
  26  2:35  Drone x4  
  31  2:50  Queen  
  33  2:58  Zergling x6  
  34  3:05  Drone  
  34  3:07  Overlord x2  
  36  3:27  Drone x5  
  40  3:39  Drone x4  
  40  3:40  Drone  
  45  3:49  Hatchery  
  44  3:59  Drone  
  45  4:05  Baneling Nest  
  45  4:09  Roach Warren  
  41  4:10  Drone x3  
  41  4:11  Drone x2  
  46  4:22  Extractor  
  46  4:31  Drone x3  
  46  4:32  Drone  
  46  4:34  Drone x3  
  52  4:39  Overlord  
  52  4:48  Overlord  
  52  4:49  Overlord  
  52  4:59  Roach x3  
  58  5:02  Roach  
  60  5:13  Extractor  
  60  5:14  Extractor  
  58  5:15  Overlord x2  
  58  5:21  Roach  
  58  5:22  Roach x3  
  58  5:26  Zergling x6  
  58  5:27  Zergling x10  
  74  5:55  Lair  
  74  5:59  Spore Crawler  
  74  6:03  Spore Crawler, Overlord x2  
  72  6:12  Drone x7  
  72  6:13  Drone x4  
  72  6:16  Queen x2  
  85  6:34  Spore Crawler  
  85  6:36  Drone x5  
  89  6:44  Evolution Chamber  
  88  6:49  Hatchery  
  88  6:51  Queen x2  
  88  6:52  Evolution Chamber, Roach x5  
  88  6:53  Roach x2  
  99  7:14  Drone x3  
  102  7:24  Drone x4  
  102  7:25  Drone  
  102  7:27  Queen  
  109  7:31  Zerg Missile Weapons Level 1  
  109  7:33  Zerg Ground Armor Level 1  
  109  7:36  Drone x5  
  114  7:39  Hatchery  
  114  7:43  Pneumatized Carapace, Burrow  
  113  7:44  Zergling x2  
  113  7:48  Overlord  
  113  7:49  Overlord x3  
  114  7:51  Hatchery  
  113  8:03  Spore Crawler  
  113  8:04  Roach  
  113  8:05  Roach x3  
  115  8:28  Zergling x16  
  115  8:29  Zergling x18  
  132  8:38  Glial Reconstitution  
  131  8:46  Baneling x2  
  131  8:47  Baneling  
  131  8:48  Baneling x8  
  131  8:49  Baneling  
  131  8:50  Baneling x4  
  131  8:51  Centrifical Hooks  
  129  9:18  Roach  
  129  9:19  Extractor, Roach x13  
  156  9:26  Hatchery  
  156  9:30  Drone x3  
  158  9:32  Overlord x5  
  158  10:03  Hatchery  
  157  10:13  Hydralisk Den  
  156  10:15  Infestation Pit  
  156  10:16  Drone  
  156  10:18  Drone x3  
  151  10:21  Extractor  
  151  10:23  Extractor  
  121  10:34  Roach  
  121  10:35  Roach x21  
  147  10:36  Roach  
  137  10:53  Spine Crawler, Drone x4  
  137  10:56  Drone x4  
  144  11:00  Drone x2  
  144  11:01  Drone x3  
  149  11:07  Ravager  
  149  11:08  Ravager x3  
  149  11:17  Ravager  
  149  11:18  Ravager  
  114  11:19  Zergling x8  
  114  11:20  Zergling x14  
  92  11:33  Zergling x18  
  92  11:34  Zergling x2  
Tags
 
Add a new tag
Caveats
  • Supply blocks, unpowered buildings, or Contaminate may cause inaccurate times.
  • Supply counts are checked every 10 seconds.